 Dungeon Crawl Stone Soup version 0.31-a0-1001-g770356a28f (webtiles) character file.

Game seed: 16447384784055131697

2256 Malachi the Mimic (level 9, -1/70 HPs)
             Began as a Naga Shapeshifter on Nov 8, 2023.
             Was a Follower of Makhleb.
             Slain by a yak (6 damage)
             ... on level 6 of the Dungeon.
             The game lasted 00:07:53 (6879 turns).

Malachi the Mimic (Naga Shapeshifter)               Turns: 6879, Time: 00:07:53

Health: -1/70      AC:  9    Str: 17 (19) XL:     9   Next: 37%
Magic:  9/9        EV:  3    Int: 11      God:    Makhleb [*.....]
Gold:   642        SH:  0    Dex: 13      Spells: 8/8 levels left

rFire   . . .        a - +8 falchion of the Purple Skies {flame, Dex+3}
rCold   . . .        (no shield)
rNeg    . . .        n - +1 plate armour
rPois   +            (helmet currently unavailable)
rElec   .            (cloak currently unavailable)
rCorr   +            (gloves currently unavailable)
SInv    +            (no barding)
Will    +....        (no amulet) Stlth
                     r - ring of resist corrosion
HPRegen 0.31/turn    (no ring)
MPRegen 0.11/turn

%: no passive effects
@: beast-form, very slow
A: beast (slay +4), AC +3, large, see invisible, deformed body, poison
resistance, slowness 2, spit poison 1, naga tail 1, clumsy 1, high MP 1
a: Spit Poison, Begin Untransformation, Renounce Religion


You were on level 6 of the Dungeon.
You worshipped Makhleb.
Makhleb was aware of your devotion.
You were a hulking beast.
You visited 2 branches of the dungeon, and saw 7 of its levels.

You collected 642 gold pieces.

Inventory:

Hand Weapons
 a - the +8 falchion of the Purple Skies (weapon) {flame, Dex+3}
   (You acquired it on level 2 of the Dungeon)

   Dex+3:     It affects your dexterity (+3).
Missiles
 i - 19 boomerangs
Armour
 m - a +0 cloak
 n - a +1 plate armour (worn)
Jewellery
 p - a ring of magical power
 r - a ring of resist corrosion (left hand)
Talismans
 c - a beast talisman
 d - a flux talisman
Scrolls
 f - a scroll of enchant weapon
 h - 2 scrolls of teleportation
 j - a scroll of fog
 o - 3 scrolls of identify
 u - 2 scrolls of poison
Potions
 b - a potion of lignification
 g - a potion of might
 k - 2 potions of magic
 l - a potion of haste
 q - a potion of brilliance


   Skills:
 - Level 1.1 Fighting
 + Level 8.2 Long Blades
 - Level 1.6 Dodging
 - Level 3.8 Unarmed Combat
 + Level 8.5 Shapeshifting


You had 8 spell levels left.
You didn't know any spells.
Your spell library contained the following spells:

 Spells                   Type           Power      Damage    Failure   Level
 Apportation              Tloc           0%         N/A       100%        1
 Necrotise                Necr           0%         1d4       100%        1
 Summon Small Mammal      Summ           0%         N/A       100%        1
 Ensorcelled Hibernation  Hex/Ice        0%         N/A       100%        2
 Passwall                 Tmut/Erth      0%         N/A       100%        2
 Call Canine Familiar     Summ           0%         N/A       100%        3
 Summon Guardian Golem    Hex/Summ       0%         N/A       100%        3
 Swiftness                Air            0%         N/A       100%        3
 Vampiric Draining        Necr           0%         2d6       100%        3
 Agony                    Necr           0%         N/A       100%        5
 Simulacrum               Ice/Necr       0%         N/A       100%        6
 Ozocubu's Refrigeration  Ice            0%         4d7       100%        7
 Polar Vortex             Ice            0%         N/A       100%        9


Dungeon Overview and Level Annotations

Branches:
Dungeon (6/15)             Temple (1/1) D:4

Altars:
Ashenzari
Cheibriados
Dithmenos
Elyvilon
Gozag
Hepliaklqana
Makhleb
Okawaru
Qazlal
Ru
Sif Muna
Trog
Vehumet
Wu Jian
Zin
The Shining One

Shops:
D:4 :

Annotations:
D:6 1 runed translucent door, Crazy Yiuf


Innate Abilities, Weirdness & Mutations

You are a hulking beast.
Your limbs bulge with bestial killing power. (Slay +4)
Your serpentine skin is tough. (AC +3)
You have supernaturally acute eyesight. (SInv)
Armour fits poorly on your strangely shaped body.
Your system is resistant to poisons. (rPois)
You cover ground very slowly.
You can spit poison.
You have a snake-like lower body.
You are clumsy. (Dex -2)
You have an increased reservoir of magic. (+10% MP)


Message History

You are too injured to fight recklessly!
You are too injured to fight recklessly!
Unknown command.
You are too injured to fight recklessly!
The yak attacks as it pursues you! The yak gores you!
The yak completely misses you. The yak barely misses you.
You hit the yak. You burn the yak.
The yak is lightly wounded.
You slash the yak! You burn the yak.
The yak is moderately wounded.
The yak gores you but does no damage.
You slash the yak! You burn the yak.
The yak is heavily wounded.
The yak completely misses you.
You hit the yak. You burn the yak.
The yak is severely wounded.
The yak gores you!
* * * LOW HITPOINT WARNING * * *
You hit the yak but do no damage.
The yak is severely wounded.
The yak gores you but does no damage.
You hit the yak. You burn the yak.
The yak is almost dead.
The yak gores you!
* * * LOW HITPOINT WARNING * * *
You slash the yak! You burn the yak.
You kill the yak!
Makhleb accepts your kill.
You feel your dexterity returning.
It was a potion of curing.
You feel better. The yak gores you but does no damage.
You slash the yak! You burn the yak.
The yak is moderately wounded.
The yak gores you!
* * * LOW HITPOINT WARNING * * *
You slash the yak! You burn the yak!
The yak is severely wounded.
The yak gores you.
You die...

#. #.# #.# ###
#..#####.##
#...##...#
#.....#.#
#.....#h#
#....##Y##
##...##YYY# ###
#####...####'##
..###.)....##
...
......)...##
+.8.+
########.##
#...# #### #
### ##+####..##
# #....##


You could see 4 yaks.

Vanquished Creatures
  Prince Ribbit (D:5)
  2 yaks (D:6)
  Menkaure (D:4)
  A black bear (D:5)
  An ice beast (D:5)
  3 ogres
  3 bullfrogs
  2 scorpions
  2 howler monkeys
  4 hounds
  A gnoll bouda (D:5)
  4 orc priests
  3 jellies
  3 sleepcaps
  3 iguanas
  4 orc wizards
  8 adders
  2 white imps (D:5)
  3 ufetubi
  2 worms
  4 dart slugs
  20 orcs
  3 ball pythons
  8 endoplasms
  2 giant cockroaches
  7 goblins
  3 hobgoblins
  5 jackals
  3 quokkas
  7 bats
  A frilled lizard (D:3)
  7 kobolds
  7 rats
130 creatures vanquished.

Notes
Turn   | Place    | Note
-------+----------+-------------------------------------------
     0 | D:1      | Malachi the Naga Shapeshifter began the quest for the Orb.
     0 | D:1      | Reached XP level 1. HP: 18/18 MP: 1/1
   252 | D:1      | Reached XP level 2. HP: 11/25 MP: 2/2
  1240 | D:2      | Found a faded altar of an unknown god.
  1508 | D:2      | Reached XP level 3. HP: 18/31 MP: 3/3
  1712 | D:2      | Identified a scroll of acquirement
  1712 | D:2      | Acquired the +8 falchion of the Purple Skies {flame, Dex+3}
  2437 | D:3      | Reached skill level 1 in Long Blades
  2437 | D:3      | Reached XP level 4. HP: 25/38 MP: 4/4
  2885 | D:3      | Reached XP level 5. HP: 43/44 MP: 5/5
  3295 | D:4      | Reached XP level 6. HP: 26/51 MP: 6/6
  3519 | D:4      | Found a staircase to the Ecumenical Temple.
  3534 | D:4      | Reached skill level 5 in Shapeshifting
  3578 | D:4      | Reached XP level 7. HP: 26/57 MP: 7/7
  3598 | Temple   | Entered the Ecumenical Temple
  3743 | Temple   | Became a worshipper of Makhleb the Destroyer
  3862 | D:4      | Found Qoece's Book Shop.
  4355 | D:4      | Noticed Menkaure
  4359 | D:4      | Killed Menkaure
  4584 | D:4      | Gained mutation: You are clumsy. (Dex -2) [potion of
                  | mutation]
  4584 | D:4      | Gained mutation: You have an increased reservoir of magic.
                  | (+10% MP) [potion of mutation]
  4586 | D:5      | Entered Level 5 of the Dungeon
  4602 | D:5      | Noticed Prince Ribbit
  4617 | D:5      | Killed Prince Ribbit
  4618 | D:5      | Reached skill level 5 in Long Blades
  4618 | D:5      | Reached XP level 8. HP: 48/64 MP: 8/8
  5788 | D:6      | Reached * piety under Makhleb
  6123 | D:6      | Reached XP level 9. HP: 35/70 MP: 9/9
  6527 | D:6      | Found a runed translucent door.
  6528 | D:6      | Noticed Crazy Yiuf
  6879 | D:6      | Slain by a yak

Illustrated notes

Levels and vault maps discovered:
D:1:      ldierk_walled_garden_2, layout_loops_ring, serial_forest,
          infiniplex_forest_straight_2, infiniplex_forest_side_room,
          infiniplex_forest_straight_2, infiniplex_forest_lined_4_way,
          infiniplex_forest_clump_diagonal
D:2:      layout_rooms, ebering_ecumenical_altar_hall, lightli_corner_chamber
D:3:      layout_basic
D:4:      layout_basic, minmay_temple_entry_purple_smoke, serial_shops, shop,
          kennysheep_pointless_box, minmay_crystal_room, minmay_fountain_box,
          uniq_menkaure
D:5:      minmay_polygon_palace, layout_loops_ring, uniq_prince_ribbit1
D:6:      layout_layer_cave, grunt_temple_overflow_diamond,
          uniq_crazy_yiuf_cottage
Temple:   compressed_dpeg_triangle_lava_temple

Skill      XL: |  1  2  3  4  5  6  7  8  9 |
---------------+----------------------------+-----
Long Blades    | 1 2 3 4 5 7 8 |  8.2
Shapeshifting  | 4 5 6 7 8 |  8.5
Fighting       | |  1.1
Dodging        | |  1.6
Unarmed Combat | |  3.8

Action                     |  1- 3 |  4- 6 |  7- 9 || total
---------------------------+-------+-------+-------++-------
  Melee: Unarmed           |    75 |       |       ||    75
         Falchion          |    29 |    61 |   142 ||   232
         Punch             |     1 |     2 |     2 ||     5
Ability: Spit Poison       |     2 |       |     1 ||     3
    Use: Scroll            |     1 |    11 |     3 ||    15
         Potion            |       |       |     7 ||     7
 Armour: Animal skin       |    37 |       |       ||    37
         Plate armour      |    60 |    75 |   139 ||   274
  Dodge: Dodged            |    41 |     7 |    15 ||    63

Table legend: (Time is in decaauts)
 A = Elapsed time spent in this place.
 B = Non-inter-level travel time spent in this place.
 C = Inter-level travel time spent in this place.
 D = Time resting spent in this place.
 E = Time spent auto-exploring this place.
 F = Levels seen in this place.
 G = Mean time per level.
                   A        B        C        D        E       F      G
               +--------+--------+--------+--------+--------+-----+--------+
         Total |   8356 |   8047 |    309 |   1941 |   5020 |   7 | 1193.7 |
       Dungeon |   8172 |   7873 |    299 |   1941 |   4944 |   6 | 1362.0 |
        Temple |    183 |    174 |      9 |      0 |     76 |   1 |  183.0 |
               +--------+--------+--------+--------+--------+-----+--------+

Top non-repeatable levels by time:
     D:1: 1564 daAuts
     D:4: 1537 daAuts
     D:5: 1489 daAuts
     D:3: 1259 daAuts
     D:6: 1215 daAuts
     D:2: 1107 daAuts
  Temple: 183 daAuts
